 Dungeon Crawl Stone Soup version 0.27-a0-1502-g47ed6a6988 (webtiles) character file.

Game seed: 17620539068483987994

283 ABBCCCDDDD the Ducker (level 6, -4/47 HPs)
             Began as a Djinni Gladiator on July 9, 2021.
             Slain by an ogre (20 damage)
             ... on level 4 of the Dungeon.
             The game lasted 00:11:00 (4558 turns).

ABBCCCDDDD the Ducker (Djinni Gladiator)            Turns: 4558, Time: 00:11:00

Health: -4/47      AC:  6    Str: 13    XL:     6   Next: 54%
Gold:   143        EV: 13    Int: 11    God:
                   SH:  0    Dex: 15

rFire    + + .     SeeInvis +   a - +0 long sword
rCold    x . .     Faith    .   (no shield)
rNeg     . . .     Spirit   .   b - +0 leather armour
rPois    ∞         Reflect  .   f - +0 helmet
rElec    .         Harm     .   (no cloak)
rCorr    .         Rampage  .   o - +1 pair of gloves
Will     .....                  (boots unavailable)
Stlth    +.........             (no amulet)
HPRegen  0.15/turn              p - ring of see invisible
MPRegen  0.00/turn              (no ring)

@: flying
A: sickness immunity, fire resistance 2, cold vulnerability 1, float, innate
caster, hp casting, extra vitality 1
a: no special abilities


You were on level 4 of the Dungeon.
You visited 1 branch of the dungeon, and saw 5 of its levels.

You collected 143 gold pieces.

Inventory:

Hand Weapons
 a - a +0 long sword (weapon)
 i - a +2 dagger of venom
Missiles
 d - 3 throwing nets (quivered)
Armour
 b - a +0 leather armour (worn)
 f - a +0 helmet (worn)
 g - a +0 chain mail of cold resistance
 o - a +1 pair of gloves (worn)
Jewellery
 p - a ring of see invisible (left hand)
 r - a ring of protection from fire
Scrolls
 n - a scroll of enchant armour
 s - a scroll of enchant weapon {unknown}
 t - a scroll of fog {unknown}
 u - a scroll of fear {unknown}
 v - a scroll of identify {unknown}
Potions
 h - 2 potions of heal wounds
 j - a potion of curing
 m - a potion of ambrosia
 q - a potion of might {unknown}


   Skills:
 + Level 4.0 Fighting
 + Level 4.2 Long Blades
 - Level 1.5 Throwing
 - Level 5.0 Dodging


You had 2 spell levels left.
You knew the following spells:

 Your Spells              Type           Power      Damage    Failure   Level
a - Sting                 Tmut/Pois      0%         1d3       41%         1
b - Passwall              Tmut/Erth      0%         N/A       56%         2
Your spell library was empty.

Dungeon Overview and Level Annotations

Branches:
Dungeon (5/15)
 Temple: D:4-7

Altars:
Fedhas
Okawaru
Qazlal

Shops:
D:2 [?[(

Annotations:
D:5 Menkaure


Innate Abilities, Weirdness & Mutations

You are immune to sickness and miasma.
You are immune to poison.
Your flesh is very heat resistant. (rF++)
You are vulnerable to cold. (rC-)
You float through the air rather than walking.
You learn spells naturally, not from books.
Your magical power is your life essence.
You have superior vitality. (+4 HP)


Message History

The ogre hits you with a +0 giant club!
There is an open door here.
Okay, then.
There is a stone staircase leading down here.
You fly downwards.
There is a stone staircase leading up here.
An orc and a two-headed ogre come into view.
The orc moves out of view.
As you read the scroll labelled VEQORR WE BEFE, it crumbles to dust.
You speak a Word of immense power!
It was a scroll of holy word.
As you read the scroll labelled DIFUDU ONUME, it crumbles to dust.
You feel strangely unstable.
It was a scroll of teleportation.
Your surroundings suddenly seem different.
Menkaure, Prince of Dust comes into view.
As you read the scroll of teleportation, it crumbles to dust.
You feel strangely unstable.
Your surroundings suddenly seem different.
A jelly comes into view.
The jelly quivers.
The two-headed ogre shouts in stereo!
Found a pair of gloves.
Okay, then.
As you read the scroll labelled FIMIDDONOBB, it crumbles to dust.
Magic quickly surges around you.
It was a scroll of vulnerability.
As you read the scroll labelled MOTATE LEVEO, it crumbles to dust.
It is a scroll of enchant armour.
Your +0 pair of gloves glows green for a moment.
The jelly barely misses you. The jelly hits you.
You are splashed with acid!
The two-headed ogre hits you with a +0 giant spiked club!
The two-headed ogre barely misses you.
The jelly jiggles.
There is a stone staircase leading up here.
You fly upwards.
The ogre hits you with a +0 giant club!
* * * LOW HITPOINT WARNING * * *
There is a stone staircase leading down here.
You feel your willpower return. The ogre misses you.
The ogre hits you with a +0 giant club!!
You die...

###### #....# ######
#....# #....#
#....#######....#####
#....'...............
#....####>...........
#....# #.##.........
###### #@O'.........
#.##.........
#.........##
#.###.##### #......#
######.# #.# #.# #.#


You could see an ogre.

Vanquished Creatures
  A hound (D:4)
  An orc priest (D:4)
  Natasha (twice) (D:4)
  A hound skeleton (D:5)
  4 gnolls (D:2)
  3 adders
  3 worms
  3 dart slugs
  4 orcs
  2 ball pythons
  12 bats
  3 endoplasms
  3 giant cockroaches
  4 goblins
  5 hobgoblins
  12 jackals
  2 quokkas
  5 frilled lizards
  6 kobolds
  4 rats
80 creatures vanquished.

Notes
Turn   | Place    | Note
-------+----------+-------------------------------------------
     0 | D:1      | ABBCCCDDDD the Djinni Gladiator began the quest for the
                  | Orb.
     0 | D:1      | Reached XP level 1. HP: 18/18 MP: 0/0
   191 | D:1      | Reached XP level 2. HP: 23/23 MP: 0/0
   331 | D:1      | Found a faded altar of an unknown god.
   463 | D:1      | Reached XP level 3. HP: 29/29 MP: 0/0
   463 | D:1      | Learned a level 1 spell: Sting
  1106 | D:2      | Reached skill level 4 in Dodging
  1106 | D:2      | Reached XP level 4. HP: 34/34 MP: 0/0
  1396 | D:2      | Found Qierhiv's Armour Emporium.
  1495 | D:2      | Found Joqivvi's Weapon Boutique.
  1578 | D:2      | Found Bycup's Armour Shoppe.
  1579 | D:2      | Found Feusizxepp's Magic Scroll Boutique.
  1755 | D:2      | Reached XP level 5. HP: 33/40 MP: 0/0
  1755 | D:2      | Learned a level 2 spell: Passwall
  3136 | D:3      | Found a blossoming altar of Fedhas.
  3454 | D:4      | Found a stormy altar of Qazlal.
  3771 | D:4      | Found an iron altar of Okawaru.
  3798 | D:4      | Noticed Natasha
  3815 | D:4      | Killed Natasha
  3871 | D:4      | Noticed a phantom
  3904 | D:4      | Reached XP level 6. HP: 26/47 MP: 0/0
  3912 | D:4      | Noticed Natasha
  4184 | D:4      | Killed Natasha
  4185 | D:4      | Reached skill level 5 in Dodging
  4226 | D:5      | Entered Level 5 of the Dungeon
  4445 | D:4      | Noticed an ogre
  4492 | D:5      | Noticed a two-headed ogre
  4505 | D:5      | Noticed Menkaure
  4558 | D:4      | Slain by an ogre

Illustrated notes

Levels and vault maps discovered:
D:1:      psy_arrival_heroes, layout_basic, shapermc_ecumenical_altar_notcrosses
D:2:      layout_loops_ring, serial_shops, nicolae_shop_crystal, shop, shop,
          nicolae_diamond_shop
D:3:      layout_loops_ring, lemuel_coloured_pillars_altar
D:4:      minmay_opposing_rooms, layout_basic, jmf_multi_god_temple,
          okawaru_metal_pillars_1_2, lemuel_crystal_altar, grunt_ministairs_12,
          minivault_25, uniq_natasha, uniq_grinder
D:5:      layout_rooms, led_sif_book, uniq_menkaure

Skill      XL: |  1  2  3  4  5  6 |
---------------+-------------------+-----
Long Blades    | 3 4 |  4.2
Dodging        | 4 5 |  5.0
Fighting       | 3 4 |  4.0
Throwing       | |  1.5

Action                   |  1- 3 |  4- 6 || total
-------------------------+-------+-------++-------
Melee: Long sword        |    78 |   180 ||   258
  Use: Potion            |       |     4 ||     4
       Scroll            |       |     5 ||     5
 Stab: Sleeping          |     2 |     1 ||     3
Armor: Leather armour    |    36 |    53 ||    89
Dodge: Dodged            |    51 |   185 ||   236
       Rpst.: Long sword |    17 |    54 ||    71

Table legend: (Time is in decaauts)
 A = Elapsed time spent in this place.
 B = Non-inter-level travel time spent in this place.
 C = Inter-level travel time spent in this place.
 D = Time resting spent in this place.
 E = Time spent auto-exploring this place.
 F = Levels seen in this place.
 G = Mean time per level.
                   A        B        C        D        E       F      G
               +--------+--------+--------+--------+--------+-----+--------+
         Total |   4627 |   4219 |    408 |   1174 |   1866 |   5 |  925.4 |
       Dungeon |   4627 |   4219 |    408 |   1174 |   1866 |   5 |  925.4 |
               +--------+--------+--------+--------+--------+-----+--------+

Top non-repeatable levels by time:
     D:3: 1385 daAuts
     D:2: 1214 daAuts
     D:1: 1203 daAuts
     D:4: 599 daAuts
     D:5: 223 daAuts
